 Dungeon Crawl Stone Soup version 0.31-a0-986-g5e6e4ef867 (webtiles) character file.

Game seed: 6458028539818813066

2454 Jeffwins the Ruffian (level 9, -1/33 (44) HPs)
             Began as a Vine Stalker Shapeshifter on Nov 6, 2023.
             Was an Initiate of Ashenzari.
             Slain by Jeremiah
             ... wielding a +3 trident of draining
              (6 damage)
             ... on level 6 of the Dungeon.
             The game lasted 00:14:20 (5007 turns).

Jeffwins the Ruffian (Vine Stalker Shapeshifter)    Turns: 5007, Time: 00:14:21

HP:   -1/33 (44)    AC:  3    Str: 17    XL:     9   Next: 50%
MP:   0/14          EV: 17    Int: 14    God:    Ashenzari [......]
Gold: 882           SH:  0    Dex: 14    Spells: 8/13 levels left

rFire   . .          .
                       - Unarmed
rCold   . . .        (no shield)
rNeg    . . .        h - +0 troll leather armour
rPois   +            (helmet currently unavailable)
rElec   .            (cloak currently unavailable)
rCorr   .            (gloves currently unavailable)
SInv    .            (boots currently unavailable)
Will    +....        (no amulet)
Stlth   ++           E - +5 ring of evasion
HPRegen 1.85/turn    P - ring of poison resistance
MPRegen 0.14/turn

%: guardian spirit
@: beast-form, very heavily drained
A: beast (slay +2), fangs 3, regeneration 1, magic shield, antimagic bite, no
potion heal 2
a: Begin Untransformation, Renounce Religion


You were on level 6 of the Dungeon.
You worshipped Ashenzari.
Ashenzari was noncommittal.
You were a hulking beast.
You visited 2 branches of the dungeon, and saw 7 of its levels.

You collected 882 gold pieces.


Innate Abilities, Weirdness & Mutations

You are a hulking beast.
Your limbs bulge with bestial killing power. (Slay +2)
You have razor-sharp teeth.
Your natural rate of healing is unusually fast.
When hurt, damage is shared between your health and your magic reserves.
Your bite disrupts and absorbs the magic of your enemies.
Potions cannot restore your health.


   Skills:
 + Level 3.0 Fighting
 + Level 2.7 Throwing
 + Level 3.3 Dodging
 + Level 4.3 Stealth
 * Level 5.6 Unarmed Combat
 + Level 2.7 Spellcasting
 * Level 3.6 Conjurations
 * Level 3.7 Ice Magic
 * Level 3.9 Air Magic
 + Level 2.1 Evocations
 * Level 4.9 Shapeshifting


You had 8 spell levels left.
You knew the following spells:

 Your Spells              Type           Power      Damage    Failure   Level
f - Freezing Cloud        Conj/Ice/Air   6%         6-21      85%         5

Your spell library contained the following spells:

 Spells                   Type           Power      Damage    Failure   Level
 Swiftness                Air            12%        N/A       16%         3
 Ensorcelled Hibernation  Hex/Ice        14%        N/A       19%         2
 Cigotuvi's Dreadful Rot  Necr/Pois/Air  10%        N/A       24%         2
 Passwall                 Tmut/Erth      0%         N/A       38%         2
 Ignite Poison            Fire/Tmut/Pois 1%         N/A       63%         3

Inventory:

Hand Weapons
 q - a +0 dagger of venom
 A - a +6 flail of protection
Missiles
 g - 11 poisoned darts
 j - 6 datura-tipped darts (quivered)
Armour
 a - a +2 robe of cold resistance
 h - a +0 troll leather armour (worn)
 r - a +2 leather armour of willpower
 z - the +1 robe of the Unseen Realm {rC+ rN+}
   (You found it on level 5 of the Dungeon)

   rC+:       It protects you from cold.
   rN+:       It protects you from negative energy.
Jewellery
 E - a +5 ring of evasion (left hand)
 P - a ring of poison resistance (right hand)
Talismans
 c - a beast talisman (active)
 d - a flux talisman
 e - a serpent talisman
Wands
 p - a wand of flame (7)
 v - a wand of polymorph (10)
Scrolls
 k - a scroll of teleportation {@r4}
 l - a scroll of amnesia
 m - a scroll of butterflies
 o - a scroll of poison
 s - a scroll of enchant weapon
 u - a scroll of revelation {unknown}
 y - a scroll of fear
Potions
 b - a potion of lignification {!q}
 f - 4 potions of curing {unknown}
 i - 3 potions of attraction {unknown}
 n - a potion of enlightenment {unknown}
 x - a potion of mutation {unknown}

Dungeon Overview and Level Annotations

Branches:
Dungeon (6/15)             Temple (1/1) D:6

Altars:
Ashenzari
Cheibriados
Elyvilon
Fedhas
Gozag
Hepliaklqana
Kikubaaqudgha
Makhleb
Nemelex Xobeh
Okawaru
Qazlal
Trog
Vehumet
Wu Jian
Xom
Yredelemnul
Zin
The Shining One

Shops:
D:4 *

Annotations:
D:6 Jeremiah .#####.# #F# #.# #Fb

.......# #.# #.# #bb#
.......# #.# #.# #b.#
.......# #.# #.# #..#
.......# #.# #.# #..#
.......##### #b# #.# #..#
.<.........# #b###.###..#
##.........# #bbF#...#..#
##.........#####h#......#
...............bb#.#.##.#
..###...##.#######.#.##.#
..# #.#..#.# #.#.##.# ..#
#.##...#######.#.##.# ..#
#.###..#............# ..#
#.###..#######.###### ###
#..##............#
######..##.#######.#.#


You could see Jeremiah.


Message History

Jeremiah closely misses you.
You closely miss Jeremiah.
Jeremiah is moderately wounded.
Jeremiah hits you with a +3 trident of draining.
You feel drained.
You closely miss Jeremiah. You punch Jeremiah.
Jeremiah is heavily wounded.
Jeremiah hits you with a +3 trident of draining!
You feel drained.
You punch Jeremiah!
Jeremiah is severely wounded.
Jeremiah lets out a twisted cry.
Something smites you!
* * * LOW HITPOINT WARNING * * *
You hit Jeremiah. You bite Jeremiah. You drain their power.
You feel invigorated.
Jeremiah is severely wounded.
The butterfly disappears in a burst of colours!
Jeremiah shouts, "O dreadful one, destroy my foe!"
Something smites you!
* * * LOW HITPOINT WARNING * * *
Okay, then.
Unknown command.
Okay, then.
You hit Jeremiah.
Jeremiah is severely wounded.
The butterfly disappears in a burst of colours!
Jeremiah hits you with a +3 trident of draining!
You die...
Jeremiah says, "O terrible one, your will is done."

Skill      XL: |  1  2  3  4  5  6  7  8  9 |
---------------+----------------------------+-----
Fighting       | 1 2 3 |  3.0
Stealth        | 1 2 3 4 |  4.3
Dodging        | 2 3 |  3.3
Throwing       | 1 2 |  2.7
Spellcasting   | 1 2 |  2.7
Unarmed Combat | 4 5 |  5.6
Air Magic      | 1 2 3 |  3.9
Conjurations   | 1 2 3 |  3.6
Ice Magic      | 1 2 3 |  3.7
Shapeshifting  | 4 |  4.9
Evocations     | 1 2 |  2.1

Action                     |  1- 3 |  4- 6 |  7- 9 || total
---------------------------+-------+-------+-------++-------
  Melee: Unarmed           |    68 |   167 |   201 ||   436
         Bite              |    14 |    52 |    67 ||   133
         Punch             |     2 |     8 |    11 ||    21
  Throw: Dart              |     2 |       |       ||     2
Ability: Begin Untransform |       |       |     1 ||     1
  Evoke: Wand              |       |     1 |     2 ||     3
    Use: Scroll            |       |     4 |     4 ||     8
   Stab: Sleeping          |     1 |     1 |     2 ||     4
 Armour: Animal skin       |     2 |       |       ||     2
         Troll leather arm |    24 |    36 |    85 ||   145
  Dodge: Dodged            |    48 |    92 |   141 ||   281
   Form: Beast             |     1 |       |     1 ||     2

Levels and vault maps discovered:
D:1:      dpeg_cavernosity, layout_basic, skrybe_limestone_x, hex_large
D:2:      layout_basic, shapermc_ecumenical_altar_flowoftime, uniq_natasha
D:3:      layout_basic, uniq_ijyb
D:4:      layout_rooms, st_stairs_8, hangedman_decor_growths,
          nicolae_shop_gadgets
D:5:      layout_loops_ring, makhleb_heckhound_becter, sigmund_edmund_badplayer
D:6:      layout_basic, minmay_temple_entry_enclosed_plants, uniq_pikel,
          uniq_jeremiah
Temple:   bh_familiar_temple

Notes
Turn   | Place    | Note
-------+----------+-------------------------------------------
     0 | D:1      | Jeffwins the Vine Stalker Shapeshifter began the quest for
                  | the Orb.
     0 | D:1      | Reached XP level 1. HP: 9/9 MP: 2/2
   221 | D:1      | Reached skill level 1 in Fighting
   258 | D:1      | Reached XP level 2. HP: 14/14 MP: 3/3
   397 | D:1      | Reached skill level 1 in Stealth
   719 | D:1      | Reached XP level 3. HP: 18/18 MP: 4/4
   818 | D:2      | Noticed Natasha
   855 | D:1      | Killed Natasha
   868 | D:1      | Noticed Natasha
   880 | D:1      | Killed Natasha
   881 | D:1      | Reached skill level 2 in Dodging
   881 | D:1      | Reached XP level 4. HP: 22/22 MP: 5/5
   926 | D:1      | Noticed Natasha
   931 | D:1      | Killed Natasha
   995 | D:2      | Reached skill level 1 in Throwing
   995 | D:2      | Reached skill level 1 in Spellcasting
   995 | D:2      | Reached XP level 5. HP: 25/26 MP: 5/7
   997 | D:2      | Reached skill level 4 in Unarmed Combat
  1014 | D:2      | Learned a level 5 spell: Freezing Cloud
  1028 | D:2      | Found a faded altar of an unknown god.
  1262 | D:2      | Reached skill level 2 in Stealth
  1680 | D:3      | Noticed Ijyb
  1690 | D:3      | Killed Ijyb
  1762 | D:3      | Reached XP level 6. HP: 18/30 MP: 4/8
  1769 | D:3      | Reached skill level 1 in Air Magic
  2393 | D:4      | Found Ommung Meith's Gadget Gallery.
  2457 | D:4      | Reached skill level 1 in Conjurations
  2464 | D:4      | Reached skill level 1 in Ice Magic
  2479 | D:4      | Noticed an ice beast
  2499 | D:4      | Killed an ice beast
  2500 | D:4      | Reached skill level 2 in Fighting
  2500 | D:4      | Reached XP level 7. HP: 26/35 MP: 5/10
  2635 | D:4      | Noticed a wyvern
  2742 | D:4      | Killed a wyvern
  2743 | D:4      | Reached skill level 2 in Air Magic
  3066 | D:5      | Entered Level 5 of the Dungeon
  3086 | D:5      | Reached skill level 3 in Stealth
  3221 | D:5      | Reached skill level 2 in Conjurations
  3221 | D:5      | Reached skill level 2 in Ice Magic
  3221 | D:5      | Reached skill level 4 in Shapeshifting
  3447 | D:5      | Noticed Sigmund
  3447 | D:5      | Noticed Edmund
  3448 | D:5      | Identified the +1 robe of the Unseen Realm {rC+ rN+}
  3452 | D:5      | Edmund changed into Edmund the howler monkey
  3452 | D:5      | Noticed Edmund
  3455 | D:5      | Killed Edmund the howler monkey
  3456 | D:5      | Gained mutation: You have razor-sharp teeth. [Vine Stalker
                  | growth]
  3456 | D:5      | Reached XP level 8. HP: 33/39 MP: 9/11
  3463 | D:5      | Killed Sigmund
  3464 | D:5      | Reached skill level 1 in Evocations
  3615 | D:5      | Found a burning altar of Makhleb.
  3621 | D:5      | Reached skill level 2 in Spellcasting
  3807 | D:6      | Noticed a shadow
  3819 | D:6      | Killed a shadow
  3820 | D:6      | Reached skill level 2 in Throwing
  3820 | D:6      | Reached skill level 5 in Unarmed Combat
  3885 | D:6      | Reached skill level 3 in Air Magic
  4010 | D:6      | Reached skill level 3 in Dodging
  4010 | D:6      | Reached skill level 3 in Conjurations
  4015 | D:6      | Reached skill level 3 in Ice Magic
  4131 | D:6      | Reached XP level 9. HP: 43/43 MP: 13/13
  4140 | D:6      | Identified a scroll of acquirement
  4142 | D:6      | Acquired 719 gold pieces
  4253 | D:6      | Reached skill level 4 in Stealth
  4297 | D:6      | Noticed Pikel
  4312 | D:6      | Killed Pikel
  4313 | D:6      | Reached skill level 3 in Fighting
  4313 | D:6      | Reached skill level 2 in Evocations
  4550 | D:6      | Found a staircase to the Ecumenical Temple.
  4738 | D:6      | Noticed Jeremiah
  4804 | Temple   | Entered the Ecumenical Temple
  4818 | Temple   | Became a worshipper of Ashenzari the Shackled
  5007 | D:6      | Slain by Jeremiah

Vanquished Creatures
  Pikel (D:6)
  Sigmund (D:5)
  A shadow (D:6)
  A wyvern (D:4)
  An ice beast (D:4)
  2 black bears
  An ogre (D:6)
  A lemure (D:6)
  2 bullfrogs (D:6)
  A scorpion (D:6)
  5 wights (D:6)
  2 howler monkeys (D:5)
  3 hounds
  A jelly (D:5)
  3 orc priests
  A gnoll bouda (D:6)
  A sleepcap (D:6)
  Ijyb (D:3)
  Natasha (thrice) (D:1)
  3 orc wizards
  10 gnolls
  5 adders
  A shadow imp (D:6)
  A white imp (D:5)
  2 ufetubi (D:6)
  A worm (D:2)
  2 dart slugs (D:1)
  9 orcs
  6 endoplasms
  3 giant cockroaches
  4 hobgoblins
  3 jackals (D:2)
  6 quokkas
  3 ball pythons
  7 bats
  4 frilled lizards
  8 goblins
  3 kobolds (D:1)
  8 rats
121 creatures vanquished.

Vanquished Creatures (collateral kills)
  A goblin (D:2)
  A kobold (D:2)
2 creatures vanquished.

Grand Total: 123 creatures vanquished

Table legend: (Time is in decaauts)
 A = Elapsed time spent in this place.
 B = Non-inter-level travel time spent in this place.
 C = Inter-level travel time spent in this place.
 D = Time resting spent in this place.
 E = Time spent auto-exploring this place.
 F = Levels seen in this place.
 G = Mean time per level.
                   A        B        C        D        E       F      G
               +--------+--------+--------+--------+--------+-----+--------+
         Total |   4972 |   4703 |    269 |     81 |   3567 |   7 |  710.3 |
       Dungeon |   4944 |   4688 |    256 |     81 |   3567 |   6 |  824.0 |
        Temple |     27 |     15 |     12 |      0 |      0 |   1 |   27.0 |
               +--------+--------+--------+--------+--------+-----+--------+

Top non-repeatable levels by time:
     D:6: 1163 daAuts
     D:1: 884 daAuts
     D:3: 822 daAuts
     D:5: 733 daAuts
     D:2: 674 daAuts
     D:4: 666 daAuts
  Temple: 27 daAuts

Table legend:
 A = Non-vault XP
 B = Vault XP
 C = Vault XP percentage of total XP
 D = Non-vault monster count
 E = Vault monster count
 F = Vault count percentage of total count
                 A         B        C        D         E       F
            +---------+---------+-------+---------+---------+-------
      Total |    2426 |    1080 |  30.8 |     111 |      11 |   9.0
            +---------+---------+-------+---------+---------+-------
        D:1 |     101 |      42 |  29.4 |      21 |       5 |  19.2
        D:2 |      89 |       0 |   0.0 |      23 |       0 |   0.0
        D:3 |     147 |      36 |  19.7 |      19 |       1 |   5.0
        D:4 |     409 |      35 |   7.9 |      14 |       1 |   6.7
        D:5 |     337 |     326 |  49.2 |       9 |       3 |  25.0
        D:6 |    1343 |     641 |  32.3 |      25 |       1 |   3.8
            +---------+---------+-------+---------+---------+-------
